AoeStats
← Done

Arabia

510405030Analyzed
3v3 RM · 1d ago on Sep 30, 2026· 105m 59s· 6 players
Game mode
Random Map
Map size
Normal (6 player)
Population
200
Speed
Normal
Resources
Standard
Victory
Conquest
Starting age
Dark Age
Ending age
Imperial Age
RankedLock teamsTeams togetherTeam positionsShared explorationLock speedFull tech treeHidden civsTurbo modeCheats
Victory
Defeat
🇲🇽 Lithuanians · Mexico
780
+12
🇲🇽 Japanese · Mexico
767
+13
🇲🇽 Romans · Mexico
754
+13
🇬🇧 Magyars · United Kingdom
734
-14
🇩🇪 Khmer · Germany
731
-14
🇫🇷 Franks · France
633
-10
Done
0:47 Loom
14:22 Feudal Age
15:18 Double-Bit Axe
16:11 Gold Mining
16:05 Horse Collar
17:27 Town Watch
21:14 Castle Age
19:49 Scale Barding Armor
23:08 Chain Barding Armor
23:15 Heavy Plow
23:34 Bow Saw
23:32 Light Cavalry
24:36 Bloodlines
24:11 Light Cavalry
27:55 Elite Skirmisher
31:39 Padded Archer Armor
31:51 Fletching
34:05 Wheelbarrow
36:58 Corvinian Army
38:08 Gold Shaft Mining
Rada166
8:12 Loom
12:43 Feudal Age
13:42 Gold Mining
14:55 Wheelbarrow
14:25 Double-Bit Axe
17:30 Castle Age
15:34 Horse Collar
18:45 Hand Cart
20:13 Bow Saw
21:55 Heavy Plow
30:33 Imperial Age
30:04 Stone Mining
30:51 Gold Shaft Mining
33:05 Double Crossbow
33:08 Tusk Swords
32:30 Elite Ballista Elephant
37:49 Fletching
38:05 Scale Barding Armor
38:58 Crop Rotation
38:29 Bodkin Arrow
41:03 Bracer
41:24 Chain Barding Armor
40:39 Elite Battle Elephant
41:32 Bloodlines
42:41 Heavy Scorpion
46:06 Chemistry
45:27 Ballistics
47:07 Husbandry
52:11 Forging
52:12 Siege Engineers
53:31 Redemption
69:11 Plate Barding Armor
69:11 Iron Casting
88:22 Cavalier
HALOF
15:11 Feudal Age
20:11 Castle Age
18:42 Double-Bit Axe
19:27 Forging
20:48 Scale Barding Armor
21:48 Bow Saw
24:22 Wheelbarrow
28:48 Iron Casting
29:21 Stone Mining
29:53 Hand Cart
31:06 Chain Barding Armor
40:35 Ordonnance Companies
47:21 Imperial Age
45:05 Gold Mining
50:19 Gold Shaft Mining
49:59 Loom
50:19 Elite Throwing Axeman
50:35 Cavalier
51:36 Chivalry
53:39 Paladin
60:19 Husbandry
65:30 Pikeman
Ericus_69
4:35 Loom
12:30 Feudal Age
22:19 Castle Age
22:52 Fletching
23:02 Padded Archer Armor
22:46 Pikeman
23:01 Crossbowman
24:22 Squires
25:18 Thumb Ring
30:24 Bloodlines
37:06 Husbandry
37:24 Forging
37:58 Bodkin Arrow
38:19 Leather Archer Armor
40:09 Iron Casting
39:48 Scale Mail Armor
42:24 Double-Bit Axe
44:17 Wheelbarrow
45:26 Chain Mail Armor
45:57 Hand Cart
50:58 Imperial Age
48:57 Light Cavalry
54:35 Parthian Tactics
54:43 Scale Barding Armor
60:05 Caravan
60:36 Bracer
62:31 Halberdier
71:41 Conscription
72:01 Ring Archer Armor
72:33 Blast Furnace
72:29 Heavy Cavalry Archer
74:34 Chain Barding Armor
87:31 Chemistry
88:32 Ballistics
AngeluZ_69
11:54 Feudal Age
14:01 Loom
15:25 Double-Bit Axe
15:32 Horse Collar
21:27 Castle Age
21:49 Gold Mining
23:03 Pikeman
24:13 Heavy Plow
24:27 Bow Saw
26:05 Wheelbarrow
27:20 Scale Mail Armor
27:32 Forging
30:31 Hand Cart
35:24 Light Cavalry
36:15 Bloodlines
37:24 Squires
37:10 Arson
39:15 Town Watch
46:53 Ballistics
46:44 Masonry
49:38 Imperial Age
47:12 Town Patrol
50:03 Halberdier
59:41 Chemistry
59:14 Architecture
58:54 Onager
59:49 Cavalier
60:30 Husbandry
61:22 Paladin
61:48 Winged Hussar
77:11 Two-Man Saw
105:01 Elite Leitis
106:17 Hoardings
Mannyquintero51
12:17 Feudal Age
17:45 Castle Age
18:29 Loom
21:14 Squires
20:36 Pikeman
25:11 Forging
25:04 Scale Mail Armor
27:06 Gold Mining
27:07 Stone Mining
29:48 Chain Mail Armor
30:09 Iron Casting
32:25 Ballistas
36:22 Imperial Age
34:33 Wheelbarrow
36:56 Halberdier
38:21 Gold Shaft Mining
38:15 Hand Cart
38:54 Conscription
39:13 Caravan
39:47 Heavy Scorpion
40:44 Elite Centurion
41:50 Comitatenses
43:49 Blast Furnace
42:52 Padded Archer Armor
42:43 Fletching
45:14 Chemistry
44:35 Ballistics
45:01 Double-Bit Axe
45:39 Bodkin Arrow
45:59 Leather Archer Armor
46:22 Bow Saw
47:54 Siege Engineers
48:23 Town Watch
53:26 Guard Tower
55:55 Scale Barding Armor
58:00 Elite Centurion
59:19 Husbandry
58:40 Cavalier
59:33 Bloodlines
59:51 Chain Barding Armor
60:02 Ring Archer Armor
60:03 Masonry
Connection lost

Rejoining the realm…

Still unreachable

The connection could not be restored.

Session expired

The server has moved on; the page needs a fresh start.